 Dungeon Crawl Stone Soup version 0.25-a0-657-ge95d391c20 (webtiles) character file.

Game seed: 16903054030736604704, levelgen mode: deterministic

70798 Lauz the Devastator (level 14, -4/111 HPs)
             Began as a Grey Draconian Conjurer on Mar 19, 2020.
             Was a High Priest of Vehumet.
             Shot with an arrow by a centaur warrior (18 damage)
             ... on level 13 of the Dungeon on Mar 22, 2020.
             The game lasted 03:37:55 (38422 turns).

Lauz the Devastator (Grey Draconian Conjurer)      Turns: 38422, Time: 03:37:55

Health: -4/111     AC: 20    Str: 11    XL:     14   Next: 95%
Magic:  31/31      EV: 13    Int: 19    God:    Vehumet [*****.]
Gold:   1982       SH:  9    Dex: 13    Spells: 4/39 levels left

rFire    + . .     SeeInvis .   V - staff of conjuration
rCold    + + .     Gourm    .   x - +0 buckler
rNeg     . . .     Faith    .   (armour unavailable)
rPois    +         Spirit   .   (helmet restricted)
rElec    +         Reflect  +   Z - +2 cloak {MR+}
rCorr    +         Harm     .   d - +0 pair of gloves
MR       ++...                  K - +2 pair of boots
Stlth    ++........             F - +4 amulet of reflection
HPRegen  0.28/turn              D - ring of wizardry
MPRegen  0.22/turn              L - ring of protection from cold

@: resistant, very slightly contaminated
A: walk through water, unfitting armour, unbreathing, cold-blooded, AC +13
a: Renounce Religion


You were on level 13 of the Dungeon.
You worshipped Vehumet.
Vehumet was extremely pleased with you.
You were very hungry.

You visited 4 branches of the dungeon, and saw 23 of its levels.
You also visited: Ossuary.

You collected 2418 gold pieces.
You spent 436 gold pieces at shops.

Inventory:

Missiles
 a - 100 stones (quivered)
Armour
 d - a +0 pair of gloves (worn)
 x - a +0 buckler (worn)
 A - the +1 pair of gloves of Hadjma {MR- rCorr Str+7 Dex+3}
   (You bought it in a shop on level 1 of the Orcish Mines)

   It affects your strength (+7).
   It affects your dexterity (+3).
   It affects your resistance to hostile enchantments.
   It provides partial protection from all sources of acid and corrosion.
 E - the -3 pair of gloves "Jufiosk" {Dex+4}
   (You found it on level 7 of the Dungeon)

   It affects your dexterity (+4).
 H - the +0 pair of boots of Objectivity {Slay+6}
   (You bought it in a shop on level 1 of the Orcish Mines)

   It affects your accuracy and damage with ranged weapons and melee attacks
   (+6).
 K - a +2 pair of boots (worn)
 Z - a +2 cloak of magic resistance (worn)
Magical Staves
 G - an uncursed staff of death
 V - an uncursed staff of conjuration (weapon)
Jewellery
 w - an uncursed ring of flight
 C - an uncursed ring of protection from magic
 D - a ring of wizardry (left hand)
 F - a +4 amulet of reflection (around neck)
 L - a ring of protection from cold (right hand)
 N - an uncursed ring of protection from fire
 X - a +2 ring of evasion
Wands
 o - a wand of random effects (35)
 v - a wand of flame (39)
 y - a wand of iceblast (17)
 W - a wand of paralysis (11)
Scrolls
 c - 2 scrolls of enchant weapon
 e - 7 scrolls of amnesia
 k - 9 scrolls of remove curse
 n - 4 scrolls of teleportation
 t - 5 scrolls of magic mapping
 J - 3 scrolls of enchant armour
 O - 3 scrolls of blinking
 R - 3 scrolls of fear
 S - 6 scrolls of identify
 T - a scroll of holy word {unknown}
 U - a scroll of vulnerability {unknown}
Potions
 f - 2 potions of stabbing
 g - 4 potions of ambrosia
 h - 2 potions of magic
 i - 7 potions of brilliance
 j - 2 potions of lignification
 l - 2 potions of resistance
 m - 5 potions of degeneration
 p - 5 potions of cancellation
 q - 2 potions of flight
 r - 4 potions of curing
 s - 5 potions of heal wounds {unknown}
 z - a potion of berserk rage
 B - a potion of haste {unknown}
 M - 2 potions of mutation {unknown}
 P - 5 potions of might {unknown}
Miscellaneous
 I - a phantom mirror
Comestibles
 b - 42 rations


   Skills:
 + Level 6.9 Fighting
 * Level 2.9 Dodging
 - Level 1.7 Stealth
 - Level 5.1 Shields
 + Level 13.2 Spellcasting
 + Level 18.0 Conjurations
 - Level 1.4 Hexes
 + Level 1.8 Summonings
 + Level 4.9 Translocations
 * Level 8.8 Earth Magic


You had 4 spell levels left.
You knew the following spells:

 Your Spells              Type           Power        Failure   Level  Hunger
a - Magic Dart            Conj           ####         0%          1    None
b - Dazzling Flash        Conj/Hex       ######       1%          3    None
c - Searing Ray           Conj           ######       0%          2    None
d - Fulminant Prism       Conj/Hex       ######....   1%          4    None
e - Iskenderun's Mystic   Conj/Tloc      ######..     1%          4    None
f - Conjure Flame         Conj/Fire      ######..     1%          3    None
g - Blink                 Tloc           N/A          1%          2    None
h - Call Imp              Summ           ###.....     1%          2    None
i - Iron Shot             Conj/Erth      #######...   1%          6    #####..
j - Bolt of Magma         Conj/Fire/Erth ######....   1%          5    ####...
k - Stone Arrow           Conj/Erth      ######       1%          3    None

Your spell library contained the following spells:

 Spells                   Type           Power        Failure   Level  Hunger
 Fireball                 Conj/Fire      ######....   1%          5    ####...
 Apportation              Tloc           ####..       1%          1    None
 Corona                   Hex            ###....      1%          1    None
 Sandblast                Erth           #####.       1%          1    None
 Summon Butterflies       Summ           ###.....     1%          1    None
 Summon Small Mammal      Summ           ###.         1%          1    None
 Passwall                 Tmut/Erth      ####....     1%          2    None
 Slow                     Hex            ###.....     1%          2    None
 Mephitic Cloud           Conj/Pois/Air  ######..     1%          3    None
 Animate Skeleton         Necr           N/A          2%          1    None
 Pain                     Necr           ##..         2%          1    None
 Ensorcelled Hibernation  Hex/Ice        ###...       2%          2    None
 Call Canine Familiar     Summ           ###.....     3%          3    None
 Confusing Touch          Hex            ###.....     3%          3    None
 Tukima's Dance           Hex            ###.....     3%          3    None
 Petrify                  Tmut/Erth      ####....     3%          4    None
 Vampiric Draining        Necr           ##........   6%          3    None
 Summon Ice Beast         Ice/Summ       ###.....     16%         4    None
 Animate Dead             Necr           N/A          21%         4    None
 Iskenderun's Battlesphe  Conj/Chrm      ######..     1%          5    ####...
 Lee's Rapid Deconstruct  Erth           #####.....   1%          5    ####...
 Orb of Destruction       Conj           #######...   1%          7    #######
 Spellforged Servitor     Conj/Summ      ######....   9%          7    #######
 Summon Mana Viper        Hex/Summ       ###.....     28%         5    ####...
 Agony                    Necr           ##......     50%         5    ####...
 Summon Hydra             Summ           ###.......   100%        7    #######


Dungeon Overview and Level Annotations

Branches:
Dungeon (14/15)            Temple (1/1) D:7            Lair (6/6) D:9
  Swamp (0/4) Lair:3       Spider (0/4) Lair:3        Slime (0/5) Lair:6
    Orc (2/2) D:9             Elf (0/3) Orc:2       Ossuary (visited)
 Vaults: D:13-14

Altars:
Ashenzari
Cheibriados
Dithmenos
Elyvilon
Fedhas
Gozag
Hepliaklqana
Kikubaaqudgha
Makhleb
Nemelex Xobeh
Okawaru
Qazlal
Ru
Sif Muna
Trog
Uskayaw
Vehumet
Wu Jian
Xom
Yredelemnul
Zin
The Shining One
Beogh
Jiyva

Shops:
D:6 [   D:12 :   Orc:1 ?[   Orc:2 *=!(

Portals:
Trove: D:10 (give +4 demon blade)

Annotations:
Lair:6 1 runed translucent door


Innate Abilities, Weirdness & Mutations

You can walk through water.
Your dull iron-grey scales are very hard. (AC +13)
You cannot fit into any form of body armour.
You can survive without breathing.
You are cold-blooded and may be slowed by cold attacks.


Message History

* * * LOW HITPOINT WARNING * * *
As you read the scroll of teleportation, it crumbles to dust.
You feel strangely unstable.
Your surroundings suddenly seem different.
A centaur warrior comes into view.
The centaur warrior shouts!
A centaur comes into view.
The centaur shouts!
A centaur comes into view. It is wielding a +0 long sword.
A yaktaur comes into view.
A centaur comes into view.
The yaktaur shouts!
Found a shiny chain mail.
Blink to where?
Press: ? - help, Dir - move target cursor You are very lightly contaminated with residual magic.
As you read the scroll labeled LUDOC QECOUWAGGIB, it crumbles to dust.
It was a scroll of blinking.
The centaur warrior wields a +0 shortbow.
The centaur warrior shoots an arrow.
The arrow hits you!!
You die...

#...cc..#
#ยง.cc..#
#.....##
#.....#
#.....#
#.....#
#....##
##..### #
#@.## #
#.### .
#. . .. .
.## # .#
# ##


You could see a centaur warrior and a centaur.

Vanquished Creatures
  An orc warlord (Orc:1)
  Snorg (Lair:3)
  An ettin (Orc:2)
  Erolcha (D:9)
  3 hydras
  Harold (D:7)
  A catoblepas (Lair:6)
  3 centaur warriors
  2 two-headed ogres
  Erica (D:8)
  3 death yaks (Lair:6)
  A deep troll shaman (Lair:6)
  3 orc high priests (Orc:2)
  Sonja (D:10)
  Nergalle (Lair:1)
  4 orc knights (Orc:2)
  A lindwurm (Lair:6)
  Pikel (D:9)
  An ugly thing (D:12)
  A deep elf mage (D:13)
  3 manticores
  4 orc sorcerers (Orc:2)
  Joseph (D:9)
  6 elephants (Lair:6)
  3 black mambas
  A centaur skeleton (D:14)
  12 spiny frogs
  2 gargoyles
  2 rime drakes
  A freezing wraith (D:14)
  6 komodo dragons
  A guardian mummy (D:10)
  A queen bee (Lair:3)
  7 trolls
  9 polar bears
  5 slime creatures
  3 hippogriffs
  12 blink frogs
  12 dream sheep
  4 wraiths
  A hungry ghost (D:12)
  50 yaks
  2 wyverns
  3 humans (D:14)
  5 vampire mosquitoes
  Grum (D:8)
  A steam dragon (D:7)
  The ghost of MisterT the Firebug, an amateur HOFE (D:3)
  A warg (Orc:2)
  Menkaure (D:7)
  An acid dragon (D:14)
  9 water moccasins
  2 soldier ants
  6 porcupines
  25 orc warriors
  Duvessa (D:6)
  A hornet zombie (D:10)
  2 sky beasts (D:10)
  4 slaves (D:9)
  6 black bears
  9 ogres
  4 phantoms
  2 ice beasts
  A necrophage (D:7)
  25 wolves
  A boggart (D:13)
  22 centaurs
  11 crocodiles
  7 big kobolds
  11 bullfrogs
  2 water moccasin zombies
  2 wyvern zombies
  Dowan (D:6)
  5 scorpions
  27 killer bees
  19 wights
  5 electric eels (D:11)
  7 crimson imps
  2 bullfrog zombies
  5 centaur zombies
  2 quasits
  3 mummies
  19 orc priests
  2 bullfrog skeletons
  9 hounds
  5 jellies
  20 orc wizards
  An iguana (D:10)
  10 hell rats
  8 worker ants
  A hound zombie (D:6)
  A worker ant zombie (D:9)
  A gnoll (D:7)
  22 adders
  7 river rats (Lair:4)
  3 shadow imps
  An ooze (D:4)
  2 worms (D:2)
  2 dart slugs
  4 leopard geckos
  84 orcs
  6 bats
  3 giant cockroaches
  8 goblins
  6 hobgoblins
  13 jackals
  9 quokkas
  6 ball pythons
  2 frilled lizards
  26 kobolds
  2 leopard gecko skeletons (D:6)
  14 rats
  5 fungi
  4 plants
729 creatures vanquished.

Vanquished Creatures (collateral kills)
  A basilisk (Lair:3)
  2 porcupines (Lair:2)
3 creatures vanquished.

Vanquished Creatures (others)
  A centaur warrior (D:13)
  An orc warrior (Orc:2)
  An orc wizard (Orc:2)
  An orc priest (Orc:2)
  2 orcs (Orc:2)
  177 fulminant prisms
  13 fungi
  10 plants
  A withered plant (Ossuary)
207 creatures vanquished.

Grand Total: 939 creatures vanquished

Notes
Turn   | Place    | Note
-------+----------+-------------------------------------------
     0 | D:1      | Lauz the Draconian Conjurer began the quest for the Orb.
     0 | D:1      | Reached XP level 1. HP: 14/14 MP: 3/3
   157 | D:1      | Reached XP level 2. HP: 7/20 MP: 0/5
  1128 | D:2      | Reached XP level 3. HP: 26/26 MP: 1/6
  1177 | D:2      | Learned a level 3 spell: Dazzling Flash
  1397 | D:2      | Found an opulent altar of Gozag.
  1443 | D:2      | Reached skill level 5 in Conjurations
  1895 | D:2      | Reached XP level 4. HP: 33/33 MP: 1/7
  1985 | D:2      | Found a bloodstained altar of Trog.
  2695 | D:3      | Found a runed translucent door.
  2805 | D:3      | Reached XP level 5. HP: 38/38 MP: 5/9
  2853 | D:3      | Noticed MisterT's ghost (amateur HOFE)
  3209 | D:3      | Reached skill level 6 in Conjurations
  4160 | D:4      | Reached XP level 6. HP: 45/45 MP: 6/11
  4620 | D:4      | Found a hazy altar of Hepliaklqana.
  4621 | D:4      | Found a white marble altar of Elyvilon.
  4732 | D:5      | Entered Level 5 of the Dungeon
  4774 | D:5      | Found a sand-covered staircase.
  4783 | Ossuary  | Entered an ossuary
  4862 | D:5      | Noticed an ice beast
  5276 | D:3      | Killed MisterT's ghost
  5276 | D:3      | Reached skill level 1 in Shields
  5276 | D:3      | Reached skill level 7 in Conjurations
  5379 | D:3      | Learned a level 2 spell: Searing Ray
  5635 | D:5      | Your scales start taking on a dull iron-grey colour.
  5635 | D:5      | Reached XP level 7. HP: 47/50 MP: 10/13
  5635 | D:5      | Gained mutation: You can survive without breathing. [Grey
                  | Draconian growth]
  5747 | D:5      | Learned a level 4 spell: Fulminant Prism
  5755 | D:5      | Found a stormy altar of Qazlal.
  6204 | D:5      | Found an iron altar of Okawaru.
  6907 | D:4      | Reached skill level 5 in Spellcasting
  6907 | D:4      | Reached skill level 8 in Conjurations
  7065 | D:6      | Found a shadowy altar of Dithmenos.
  7085 | D:6      | Reached XP level 8. HP: 10/57 MP: 0/15
  7524 | D:6      | Noticed Duvessa
  7582 | D:6      | Found Nuthrimod's Armour Boutique.
  7819 | D:6      | Noticed Dowan
  7837 | D:6      | Killed Duvessa
  7840 | D:6      | Killed Dowan
  8129 | D:6      | Reached skill level 9 in Conjurations
  8232 | D:7      | Noticed Menkaure
  8235 | D:7      | Killed Menkaure
  8652 | D:7      | Found a staircase to the Ecumenical Temple.
  8672 | Temple   | Entered the Ecumenical Temple
  8999 | D:7      | Reached XP level 9. HP: 62/62 MP: 12/18
  9095 | D:7      | Noticed Harold
  9109 | D:7      | Learned a level 4 spell: Iskenderun's Mystic Blast
  9146 | D:7      | Got a pair of warped gloves
  9152 | D:7      | Identified the cursed -3 pair of gloves "Jufiosk" {Dex+4}
                  | (You found it on level 7 of the Dungeon)
  9239 | D:7      | Found a shattered altar of Ashenzari.
  9372 | D:7      | Reached skill level 10 in Conjurations
  9482 | D:7      | Noticed a deep elf mage
  9686 | D:7      | Noticed a two-headed ogre
  9785 | D:7      | Killed Harold
  9905 | D:6      | Upgraded the game from 0.25-a0-632-g7713895373 to
                  | 0.25-a0-635-g0c6c292ef3
 10059 | D:7      | Killed a two-headed ogre
 10059 | D:7      | Reached skill level 11 in Conjurations
 10059 | D:7      | Reached skill level 1 in Hexes
 10199 | D:7      | Identified the ring of Ympiam {MR+ Int+2 Stlth+}
 10199 | D:7      | Noticed an efreet
 10329 | D:8      | Noticed Grum
 10335 | D:8      | Killed Grum
 10335 | D:8      | Reached XP level 10. HP: 58/69 MP: 8/21
 10637 | D:8      | Noticed Erica
 10726 | D:7      | Reached skill level 5 in Shields
 11085 | D:7      | Upgraded the game from 0.25-a0-635-g0c6c292ef3 to
                  | 0.25-a0-657-ge95d391c20
 11141 | D:7      | Learned a level 3 spell: Conjure Flame
 11144 | D:7      | Learned a level 2 spell: Blink
 11866 | D:8      | Reached skill level 1 in Translocations
 12058 | D:8      | Killed Erica
 12058 | D:8      | Reached skill level 1 in Fighting
 12058 | D:8      | Reached skill level 12 in Conjurations
 12422 | D:8      | Found a radiant altar of Vehumet.
 12439 | D:8      | Became a worshipper of Vehumet
 13763 | D:9      | Noticed Erolcha
 13870 | D:9      | Noticed Joseph
 13917 | D:9      | Paralysed by Erolcha for 2 turns
 14179 | D:9      | Killed Erolcha
 14323 | D:9      | Killed Joseph
 14383 | D:9      | Reached XP level 11. HP: 57/81 MP: 1/23
 14719 | D:9      | Found a staircase to the Lair.
 15002 | D:9      | Found a staircase to the Orcish Mines.
 15014 | D:9      | Found a shimmering altar of Xom.
 15127 | D:9      | Found a sacrificial altar of Ru.
 15127 | D:9      | Found a shimmering altar of Xom.
 15129 | D:9      | Found an iron altar of Okawaru.
 15129 | D:9      | Found a basalt altar of Yredelemnul.
 15129 | D:9      | Found a blossoming altar of Fedhas.
 15573 | D:9      | Reached * piety under Vehumet
 15573 | D:9      | Offered knowledge of Freeze by Vehumet.
 15592 | D:9      | Reached skill level 13 in Conjurations
 16132 | D:10     | Entered Level 10 of the Dungeon
 16135 | D:10     | Noticed Sonja
 16139 | D:10     | Killed Sonja
 16688 | D:10     | Offered knowledge of Foxfire by Vehumet.
 16691 | D:10     | Reached ** piety under Vehumet
 16952 | D:10     | Found a portal to a secret trove of treasure.
 17301 | D:10     | Learned a level 2 spell: Call Imp
 18353 | D:11     | Got a scorched rapier
 18354 | D:11     | Identified the +3 rapier "Elabb" {flame, rF+ rC- Str+2
                  | Int+4} (You found it on level 11 of the Dungeon)
 18366 | D:11     | Noticed a centaur warrior
 18452 | D:9      | Noticed Pikel
 18460 | D:9      | Killed Pikel
 18475 | Lair:1   | Entered Level 1 of the Lair of Beasts
 18525 | Lair:1   | Noticed Nergalle
 18624 | Lair:1   | Killed Nergalle
 18624 | Lair:1   | Reached skill level 14 in Conjurations
 18788 | Lair:1   | Reached skill level 10 in Spellcasting
 18789 | Lair:1   | Offered knowledge of Static Discharge by Vehumet.
 19023 | Lair:1   | Reached skill level 5 in Fighting
 19308 | Lair:1   | Reached XP level 12. HP: 77/94 MP: 5/26
 19343 | Lair:1   | Reached *** piety under Vehumet
 20546 | Lair:2   | Noticed a six-headed hydra
 20981 | Lair:2   | Killed a six-headed hydra
 21251 | Lair:2   | Offered knowledge of Inner Flame by Vehumet.
 21922 | Lair:3   | Found a staircase to the Swamp.
 22116 | Lair:3   | Reached skill level 1 in Summonings
 22513 | Lair:3   | Reached skill level 15 in Conjurations
 22818 | Lair:3   | Reached **** piety under Vehumet
 23030 | Lair:3   | Offered knowledge of Ignite Poison by Vehumet.
 23136 | Lair:3   | Noticed Snorg
 23147 | Lair:3   | Killed Snorg
 23343 | Lair:3   | Found a hole to the Spider Nest.
 24267 | Lair:3   | Reached XP level 13. HP: 94/104 MP: 1/28
 25252 | Lair:4   | Reached ***** piety under Vehumet
 25265 | Lair:4   | Learned a level 6 spell: Iron Shot
 25271 | Lair:4   | Learned a level 5 spell: Bolt of Magma
 25519 | Lair:4   | Offered knowledge of Sticky Flame by Vehumet.
 26236 | Lair:4   | Reached skill level 1 in Earth Magic
 26271 | Lair:5   | Reached skill level 16 in Conjurations
 27472 | Lair:6   | Entered Level 6 of the Lair of Beasts
 29990 | Lair:6   | Reached skill level 17 in Conjurations
 30009 | Lair:6   | HP: 2/104 [lindwurm/blast of flame (33)]
 30416 | Lair:6   | Found a runed translucent door.
 30416 | Lair:6   | Found a viscous altar of Jiyva.
 30416 | Lair:6   | Found a staircase to the Slime Pits.
 30416 | Lair:6   | Noticed an azure jelly
 30416 | Lair:6   | Noticed an azure jelly
 30658 | Lair:6   | Identified a scroll of acquirement
 30658 | Lair:6   | Identified the +0 tower shield of the Thirsty Queens {rPois
                  | rC- MR+ rCorr} (You acquired it on level 6 of the Lair of
                  | Beasts)
 30989 | Orc:1    | Entered Level 1 of the Orcish Mines
 31056 | Orc:1    | Learned a level 3 spell: Stone Arrow
 31065 | Orc:1    | Reached XP level 14. HP: 111/111 MP: 21/30
 31435 | Orc:2    | Entered Level 2 of the Orcish Mines
 31445 | Orc:1    | Reached skill level 5 in Earth Magic
 32270 | Orc:2    | Found a staircase to the Elven Halls.
 32469 | Orc:2    | Offered knowledge of Ozocubu's Refrigeration by Vehumet.
 32523 | Orc:2    | Noticed an orc warlord
 32715 | Orc:1    | Killed an orc warlord
 33924 | Orc:2    | Found Tuwk's General Store.
 33924 | Orc:2    | Found Piggot's Antique Weapon Emporium.
 33929 | Orc:2    | Found Reenazeu's Jewellery Boutique.
 33929 | Orc:2    | Found Ganorchukk's Distillery.
 34058 | Orc:1    | Found Jeqyucoi's Magic Scroll Shoppe.
 34058 | Orc:1    | Found Jieva's Antique Armour Shoppe.
 34070 | Orc:1    | Found a roughly hewn altar of Beogh.
 34153 | Orc:1    | Bought a pair of warped gloves for 218 gold pieces
 34163 | Orc:1    | Identified the +1 pair of gloves of Hadjma {MR- rCorr Str+7
                  | Dex+3} (You bought it in a shop on level 1 of the Orcish
                  | Mines)
 34163 | Orc:1    | Bought a pair of smoking boots for 218 gold pieces
 34173 | Orc:1    | Identified the +0 pair of boots of Objectivity {Slay+6}
                  | (You bought it in a shop on level 1 of the Orcish Mines)
 34978 | D:11     | Offered knowledge of Yara's Violent Unravelling by Vehumet.
 36287 | D:12     | You fall into a shaft and drop 2 floors!
 36843 | D:12     | Found Xag Cept's Book Shoppe.
 37047 | D:12     | Found a hide-covered altar of Uskayaw.
 37584 | D:13     | Offered knowledge of Fireball by Vehumet.
 38360 | D:13     | HP: 2/111 [centaur[a centaur warrior] (8)]
 38381 | D:13     | Reached skill level 18 in Conjurations
 38422 | D:13     | Shot with an arrow by a centaur warrior

Levels and vault maps discovered:
D:1:      heliophobic_arrival_glass_houses, layout_rooms, minmay_tetromino_s2
D:2:      layout_rooms, nicolae_gozag_seed_capital,
          nicolae_overflow_crystal_walls
D:3:      layout_basic, first_ration, ebering_ghost_reflecting_pool
D:4:      layout_basic, gammafunk_temple_overflow_pools
D:5:      layout_basic, marbit_many_paths, nicolae_ossuary_entry_monument,
          chequers_serial_rivers_large_a, grunt_qazlal_clouds
D:6:      layout_basic, nicolae_dithmenos_the_darkroom, serial_shops, shop,
          hangedman_minor_gate_pass, uniq_duvessa
D:7:      minmay_the_grid_triangle_9x9_recursive_2
          [minmay_the_grid_triangle_9x9_prize_center,
          minmay_the_grid_triangle_9x9_dagger,
          minmay_the_grid_triangle_9x9_stretched_checkered,
          minmay_the_grid_triangle_9x9_wacky_v], layout_basic,
          lemuel_round_altar, minmay_temple_entry_statues_pillars,
          kennysheep_generic_room_16, uniq_harold, uniq_menkaure
D:8:      layout_basic, vehumet_crystals, uniq_grum, uniq_erica
D:9:      layout_rooms, doesnt_xom_only_xom, dpeg_oklobed_lair, uniq_erolcha,
          uniq_joseph, uniq_pikel
D:10:     layout_loops_cross, nicolae_trove_entry_path_of_doom, uniq_sonja
D:11:     layout_basic, hangedman_ranch [blue_anna_fruit_fields],
          grunt_decor_clamped
D:12:     layout_cross, serial_shops, kennysheep_mini_moat, basic_altar
D:13:     minmay_crescents, layout_cave_pods, uniq_rupert
D:14:     layout_loops_ring, grunt_vaults_entry_tiered, basic_altar, hex_medium,
          gauntlet_entry_generic
Temple:   oiseaux_autumnal_temple
Lair:1:   beast_lair_carwin_large_2, layout_hall_layers, enter_volcano_2,
          st_stairs_10, serial_bayou_pond_a, uniq_nergalle
Lair:2:   layout_cave_pods, beast_lair_carwin_4
Lair:3:   layout_cave_pods, minmay_swamp_entry_swarm, dummy_spider_entry,
          serial_rivers, chequers_serial_rivers_micro_e,
          chequers_serial_rivers_small_b, chequers_serial_rivers_room_b,
          chequers_serial_rivers_marsh, special_room [special_room_bee],
          uniq_snorg
Lair:4:   layout_cave_shapes, columned_hall_lemuel,
          chequers_serial_rivers_micro_c, cheibrodos_lair_caveside_slide,
          kennysheep_abandoned_house
Lair:5:   layout_loops_ring, grunt_megastairs_3
Lair:6:   grunt_lair_end_beastmaster, layout_big_grid, slime_altar_2
Orc:1:    layout_caves, serial_shops, shop, shop_statue, mines2_david
Orc:2:    grunt_orc_tribal_feast, layout_caves

Skill      XL: |  1  2  3  4  5  6  7  8  9 10 11 12 13 14 |
---------------+-------------------------------------------+-----
Dodging        | 2 |  2.9
Conjurations   | 5 6 7 8 9 11 12 14 15 17 18 | 18.0
Spellcasting   | 3 4 5 6 7 8 10 11 12 13 | 13.2
Shields        | 1 2 3 4 5 |  5.1
Hexes          | 1 |  1.4
Translocations | 1 2 3 4 |  4.9
Fighting       | 2 5 6 |  6.9
Summonings     | 1 |  1.8
Earth Magic    | 4 8 |  8.8
Stealth        | |  1.7

Action                   |  1- 3 |  4- 6 |  7- 9 | 10-12 | 13-15 || total
-------------------------+-------+-------+-------+-------+-------++-------
Melee: Unarmed           |    16 |       |       |       |       ||    16
       Short sword       |    23 |    79 |    38 |     5 |       ||   145
       Tailslap          |     4 |     5 |     8 |    22 |    29 ||    68
       Dagger            |       |       |       |    83 |       ||    83
       Rapier            |       |       |       |    35 |       ||    35
       Staff             |       |       |       |    56 |   232 ||   288
 Cast: Magic Dart        |    81 |   141 |   113 |   446 |   462 ||  1243
       Searing Ray       |       |       |    39 |    43 |    26 ||   108
       Dazzling Flash    |       |       |     2 |       |       ||     2
       Fulminant Prism   |       |       |     9 |   104 |    64 ||   177
       Iskenderun's Myst |       |       |       |   107 |    95 ||   202
       Conjure Flame     |       |       |       |    15 |     2 ||    17
       Call Imp          |       |       |       |    19 |     1 ||    20
       Bolt of Magma     |       |       |       |       |    85 ||    85
       Iron Shot         |       |       |       |       |    87 ||    87
       Stone Arrow       |       |       |       |       |    56 ||    56
       Blink             |       |       |       |       |     5 ||     5
  Use: Scroll            |       |    10 |     3 |    18 |    12 ||    43
       Potion            |       |     3 |       |       |     7 ||    10
  Eat: Chunk             |     4 |     7 |     8 |    31 |    73 ||   123
       Ration            |       |     2 |     2 |     7 |     4 ||    15
Armor: Skin              |    18 |    37 |    40 |   144 |   257 ||   496
Dodge: Dodged            |    36 |    81 |    50 |   213 |   254 ||   634
Block: Buckler           |       |    11 |    10 |   172 |   282 ||   475
       Reflection        |       |       |       |     4 |    49 ||    53

Table legend:
 A = Non-vault XP
 B = Vault XP
 C = Vault XP percentage of total XP
 D = Non-vault monster count
 E = Vault monster count
 F = Vault count percentage of total count
                 A         B        C        D         E       F
            +---------+---------+-------+---------+---------+-------
      Total |   65648 |   35492 |  35.1 |     559 |     162 |  22.5
            +---------+---------+-------+---------+---------+-------
        D:1 |      24 |       4 |  14.3 |      16 |       2 |  11.1
        D:2 |     107 |       0 |   0.0 |      31 |       0 |   0.0
        D:3 |     112 |     176 |  61.1 |      21 |       1 |   4.5
        D:4 |     301 |       0 |   0.0 |      13 |       0 |   0.0
        D:5 |     370 |     181 |  32.8 |       8 |       3 |  27.3
        D:6 |     385 |     520 |  57.5 |      11 |      11 |  50.0
        D:7 |     994 |    2590 |  72.3 |      16 |      13 |  44.8
        D:8 |    1616 |    1327 |  45.1 |      43 |       4 |   8.5
        D:9 |    2461 |    2107 |  46.1 |      36 |       3 |   7.7
       D:10 |    3066 |     993 |  24.5 |      42 |       2 |   4.5
       D:11 |    4648 |    2159 |  31.7 |      39 |       8 |  17.0
       D:12 |    5290 |       0 |   0.0 |      27 |       0 |   0.0
       D:13 |    5724 |    1042 |  15.4 |      29 |       4 |  12.1
       D:14 |    2503 |     594 |  19.2 |      15 |       3 |  16.7
     Temple |      14 |       0 |   0.0 |       1 |       0 |   0.0
     Lair:1 |    2453 |    2990 |  54.9 |      13 |      10 |  43.5
     Lair:2 |    3275 |    1173 |  26.4 |       8 |       9 |  52.9
     Lair:3 |    7043 |    2856 |  28.9 |      37 |      19 |  33.9
     Lair:4 |    5143 |     739 |  12.6 |      23 |      19 |  45.2
     Lair:5 |    3011 |     327 |   9.8 |      18 |       1 |   5.3
     Lair:6 |    9130 |    7919 |  46.4 |      34 |      17 |  33.3
      Orc:1 |    3596 |      12 |   0.3 |      26 |       4 |  13.3
      Orc:2 |    4382 |    7739 |  63.8 |      52 |      28 |  35.0
    Ossuary |       0 |      44 | 100.0 |       0 |       1 | 100.0
            +---------+---------+-------+---------+---------+-------
